 Dungeon Crawl Stone Soup version 0.19.1 (console) character file.

166498 Kloppie the Phalangite (level 17, -3/213 HPs)
             Began as a Merfolk Berserker on Nov 26, 2016.
             Was an Elder of Trog.
             Succumbed to a redback's poison
             ... on level 2 of the Spider Nest.
             The game lasted 00:59:19 (29383 turns).

Kloppie the Phalangite (Merfolk Berserker)         Turns: 29383, Time: 00:59:19

Health: -3/213     AC: 21    Str: 24    XL:     17   Next: 90%
Magic:  17/17      EV: 30    Int:  7    God:    Trog [****..]
Gold:   1477       SH:  3    Dex: 18    Spells: 0 memorised, 16 levels left

rFire  . . .     SeeInvis .     a - +1 bardiche (flame)
rCold  . . .     Gourm    .     x - +3 troll leather armour
rNeg   . . .     Faith    .     (shield currently unavailable)
rPois  .         Spirit   .     n - +1 hat
rElec  .         Reflect  +     S - +2 cloak {MR+}
rCorr  +         Harm     .     Z - +0 pair of gloves
MR     ++...                    y - +1 pair of boots
Stlth  ..........               Y - +3 amulet of reflection
                                M - +5 ring of protection
                                D - ring of resist corrosion

@: berserking (expiring), lethally poisoned (-3 -> -124), very quick
A: change form in water, swift swim, stealthy swim
a: Berserk, Trog's Hand, Brothers in Arms, Burn Spellbooks, Renounce Religion


You were on level 2 of the Spider Nest.
You worshipped Trog.
Trog was greatly pleased with you.
You were hungry.

You visited 5 branches of the dungeon, and saw 28 of its levels.
You also visited: Sewer and Ice Cave.

You collected 2509 gold pieces.
You spent 1032 gold pieces at shops.

Inventory:

Hand Weapons
 a - a +1 bardiche of flaming (weapon)
 b - a +0 bardiche of protection
 R - a +2 antimagic bardiche
Armour
 n - a +1 hat (worn)
 x - a +3 troll leather armour (worn)
 y - a +1 pair of boots (worn)
 S - a +2 cloak of magic resistance (worn)
 Z - a +0 pair of gloves (worn)
Jewellery
 D - a ring of resist corrosion (left hand)
 F - an uncursed ring of see invisible
 M - a +5 ring of protection (right hand)
 Y - a +3 amulet of reflection (around neck)
Wands
 i - a wand of paralysis (7/24)
 m - a wand of disintegration (16/24)
 r - a wand of disintegration (10/24)
 w - a wand of teleportation (7/9)
 z - a wand of digging (6/24)
 G - a wand of teleportation (6/9)
 P - a wand of digging (10/24)
Scrolls
 e - 15 scrolls of remove curse
 f - 3 scrolls of fog
 h - 5 scrolls of recharging
 j - 3 scrolls of magic mapping
 p - a scroll of noise
 q - 8 scrolls of teleportation
 E - 3 scrolls of enchant weapon
 I - 2 scrolls of blinking
Potions
 k - 3 potions of lignification
 l - a potion of agility
 o - 4 potions of flight
 s - a potion of brilliance
 t - 5 potions of might
 A - a potion of invisibility
 B - 10 potions of curing
 H - 2 potions of haste
 J - 2 potions of resistance
 O - 3 potions of cancellation
 U - a potion of heal wounds
Comestibles
 c - 6 bread rations
 g - 16 meat rations
 u - 8 slices of pizza
 v - 2 beef jerkies
 C - 15 fruits
 L - 17 royal jellies


   Skills:
 - Level 15.0 Fighting
 + Level 25.0 Polearms
 - Level 7.9 Armour
 - Level 21.7 Dodging


You had 16 spell levels left.
You didn't know any spells.

Dungeon Overview and Level Annotations

Branches:
Dungeon (15/15)            Temple (0/1) D:5            Lair (6/6) D:10
  Swamp (3/4) Lair:3       Spider (2/4) Lair:3        Slime (0/5) Lair:6
    Orc (2/2) D:11            Elf (0/3) Orc:2        Vaults (0/5) D:14
 Depths (0/5) D:15

Altars:
Cheibriados
Dithmenos
Elyvilon
Fedhas
Gozag
Hepliaklqana
Kikubaaqudgha
Nemelex Xobeh
Ru
Trog
Uskayaw
Xom
The Shining One
Beogh

Shops:
D:5 (   D:8 *   D:11 !   Orc:2 ([}*

Annotations:
D:7 exclusion: obsidian statue


Message History

You feel very sick. The redback misses you.
You closely miss the redback.
The redback is severely wounded.
* * * LOW HITPOINT WARNING * * *
You feel very sick. The redback misses you.
You barely miss the redback.
The redback is severely wounded.
* * * LOW HITPOINT WARNING * * *
You feel very sick.
The redback bites you but does no damage.
You slice the redback!! You burn the redback.
You kill the redback!
Trog accepts your kill.
* * * LOW HITPOINT WARNING * * *
You feel very sick.
You are too berserk!
A jumping spider comes into view.
You die...

.s .#...#
..##.....
##.......
.......##
#......# ##
#.....####.#
#.....##..##
#@†$.#...#
##........#
#.....)...#
#...#.....#
##.##....##
###.....##
#..#<...#
#####...#
.....#


You could see a jumping spider (sleeping).

Vanquished Creatures
  Saint Roka (Orc:2)
  Bai Suzhen (Swamp:2)
  Nikola (Swamp:3)
  Gastronok (Lair:1)
  A thorn hunter (Swamp:2)
  An orc warlord (Orc:2)
  The ghost of Rrauwl the Severer, a journeyman MiBe of Trog (Orc:2)
  A very ugly thing (Swamp:3)
  Azrael (Orc:2)
  The ghost of Tyryt0 the Cleaver, a journeyman FoFi of Qazlal (D:12)
  2 fire dragons (D:15)
  An ice dragon (Lair:2)
  A yaktaur captain (D:15)
  An ogre mage (Orc:2)
  10 hydras
  4 vault guards (D:14)
  2 catoblepae (Lair:5)
  14 alligators
  2 centaur warriors (D:15)
  2 death yaks
  A tengu warrior (D:15)
  An orc high priest (Orc:2)
  8 spriggans
  A fire crab (shapeshifter) (D:11)
  3 unseen horrors
  A spriggan druid (Swamp:3)
  4 shambling mangroves
  3 swamp dragons
  A lindwurm (Lair:5)
  3 orc knights (Orc:2)
  9 hill giants
  An orb spider (Spider:1)
  5 wolf spiders
  7 ugly things
  3 oklob plants
  3 necromancers (D:14)
  2 cyclopes
  4 orc sorcerers
  A deep elf mage (D:12)
  A moth of wrath (Spider:2)
  3 manticores
  21 elephants
  2 centaur zombies
  A guardian serpent (Lair:6)
  7 black mambas
  2 gargoyles
  2 torpor snails
  An ice statue (Lair:2)
  21 spiny frogs
  4 rime drakes
  A yaktaur (shapeshifter) (D:15)
  2 kobold demonologists
  An efreet (D:14)
  2 ice devils (Lair:1)
  A yaktaur (D:14)
  3 demonic crawlers
  3 tengu conjurers
  5 komodo dragons
  7 trolls
  5 jumping spiders
  A queen bee (Lair:5)
  16 hornets
  A wind drake (shapeshifter) (D:13)
  Prince Ribbit (Lair:1)
  10 polar bears
  3 meliai (Lair:5)
  7 tyrant leeches
  3 raiju (Lair:6)
  14 blink frogs
  5 slime creatures
  Grinder (D:5)
  4 bog bodies
  12 dream sheep
  13 hippogriffs
  21 redbacks
  12 tarantellas
  A shadow (Swamp:3)
  3 wraiths
  2 fire elementals (Orc:2)
  35 yaks
  2 fire bats (Lair:4)
  13 wyverns
  A basilisk (shapeshifter) (D:15)
  The ghost of Tyryt0 the Shield-Bearer, an amateur FoFi (Sewer)
  5 basilisks
  8 vampire mosquitoes
  3 hungry ghosts
  17 humans (D:14)
  15 swamp worms
  3 mottled dragons
  12 wargs
  7 hell hounds
  17 water moccasins
  44 orc warriors
  5 porcupines
  A phantom (D:13)
  15 ice beasts
  16 black bears
  4 sky beasts
  4 swamp drakes
  38 wolves
  A necrophage (D:9)
  16 ogres
  25 centaurs
  8 crocodiles
  5 big kobolds
  A gnoll sergeant (D:9)
  12 bullfrogs
  A wyvern skeleton (D:14)
  2 scorpions
  43 killer bees
  7 wights
  4 howler monkeys (D:11)
  5 electric eels
  3 crimson imps
  17 hounds
  30 orc priests
  6 bullfrog zombies
  16 jellies
  37 orc wizards
  3 bullfrog skeletons
  11 centaur skeletons
  5 iguanas
  21 worker ants
  A killer bee zombie (D:7)
  A hound skeleton (D:10)
  A worker ant zombie (D:9)
  4 gnolls (D:9)
  17 adders
  A howler monkey skeleton (D:7)
  4 river rats (Sewer)
  2 shadow imps
  A white imp (Lair:2)
  14 oozes
  6 worms
  A dart slug (D:1)
  132 orcs
  3 bats
  7 giant cockroaches
  6 goblins
  2 hobgoblins
  11 jackals
  5 quokkas
  4 ball pythons
  11 frilled lizards
  A jackal skeleton (D:6)
  A jackal zombie (D:8)
  20 kobolds
  A leopard gecko zombie (D:6)
  20 rats
  A plant (Lair:6)
1158 creatures vanquished.

Vanquished Creatures (collateral kills)
  Nessos (Orc:2)
  An orc sorcerer (Orc:2)
  2 dream sheep (Lair:5)
  A hippogriff (Lair:5)
  A basilisk (Lair:5)
  An orc warrior (Orc:2)
  3 ice beasts (IceCv)
  6 killer bees (Lair:5)
  A hell rat (Lair:5)
17 creatures vanquished.

Vanquished Creatures (others)
  A tengu conjurer (D:13)
  A killer bee (Lair:5)
  A hound (Lair:6)
  An orc (Orc:1)
  11 fungi
  12 plants
27 creatures vanquished.

Grand Total: 1202 creatures vanquished

Notes
Turn   | Place    | Note
-------+----------+-------------------------------------------
     0 | D:1      | Kloppie the Merfolk Berserker began the quest for the Orb.
     0 | D:1      | Reached XP level 1. HP: 18/18 MP: 1/1
   235 | D:1      | Reached skill level 5 in Polearms
   235 | D:1      | Reached XP level 2. HP: 24/24 MP: 2/2
   372 | D:1      | You fall through a shaft!
   494 | D:2      | Found a snail-covered altar of Cheibriados.
   955 | D:2      | Reached XP level 3. HP: 30/30 MP: 3/3
  1248 | D:3      | Reached ** piety under Trog
  1483 | D:3      | Reached skill level 6 in Polearms
  1483 | D:3      | Reached XP level 4. HP: 28/37 MP: 4/4
  1887 | D:3      | Reached skill level 7 in Polearms
  1887 | D:3      | Reached XP level 5. HP: 36/43 MP: 5/5
  2008 | D:3      | Found a sacrificial altar of Ru.
  2221 | D:3      | HP: 2/43 [poisoned by a worker ant]
  2528 | D:3      | Reached skill level 8 in Polearms
  2576 | D:4      | Reached skill level 5 in Fighting
  2576 | D:4      | Reached XP level 6. HP: 51/51 MP: 6/6
  2577 | D:4      | Reached *** piety under Trog
  2722 | D:4      | Found a faded altar of an unknown god.
  2722 | D:4      | Found a faded altar of an unknown god.
  2727 | D:4      | Found a white marble altar of Elyvilon.
  2729 | D:4      | Found a faded altar of an unknown god.
  2732 | D:4      | Found a faded altar of an unknown god.
  2844 | D:4      | Found an ancient bone altar of Kikubaaqudgha.
  2886 | D:4      | Found a blossoming altar of Fedhas.
  3080 | D:5      | Entered Level 5 of the Dungeon
  3204 | D:4      | Reached skill level 9 in Polearms
  3241 | D:5      | Found a glowing drain.
  3277 | D:5      | Noticed Grinder
  3279 | Sewer    | Entered a sewer
  3327 | Sewer    | Noticed Tyryt0's ghost (amateur FoFi)
  3340 | Sewer    | Killed Tyryt0's ghost
  3340 | Sewer    | Reached XP level 7. HP: 57/57 MP: 7/7
  3658 | D:5      | Reached skill level 10 in Polearms
  3661 | D:5      | Killed Grinder
  3862 | D:5      | Reached skill level 11 in Polearms
  3862 | D:5      | Reached XP level 8. HP: 54/65 MP: 8/8
  3941 | D:5      | Found a shimmering altar of Xom.
  3960 | D:5      | Found a staircase to the Ecumenical Temple.
  4001 | D:5      | Found Pikatz's Weapon Emporium.
  4294 | D:5      | Reached **** piety under Trog
  4751 | D:6      | Reached skill level 12 in Polearms
  5283 | D:6      | Found an opulent altar of Gozag.
  5283 | D:6      | Found a sparkling altar of Nemelex Xobeh.
  5384 | D:6      | Reached skill level 13 in Polearms
  5475 | D:7      | Reached XP level 9. HP: 73/73 MP: 9/9
  6126 | D:7      | Noticed an obsidian statue
  6367 | D:7      | Reached skill level 14 in Polearms
  7127 | D:8      | Reached ***** piety under Trog
  7229 | D:8      | Found a bloodstained altar of Trog.
  7231 | D:8      | Found a blossoming altar of Fedhas.
  7233 | D:8      | Found a hide-covered altar of Uskayaw.
  7395 | D:8      | Found Pimadank's Assorted Antiques.
  7478 | D:8      | Found a hazy altar of Hepliaklqana.
  7542 | D:8      | Reached skill level 5 in Dodging
  7867 | D:9      | Reached XP level 10. HP: 72/82 MP: 10/10
  8383 | D:9      | Found a glowing golden altar of the Shining One.
  8774 | D:10     | Entered Level 10 of the Dungeon
  8808 | D:10     | Found a staircase to the Lair.
  8839 | D:10     | Reached skill level 10 in Dodging
  8882 | D:10     | Found a shadowy altar of Dithmenos.
  9130 | D:10     | Noticed a three-headed hydra
  9140 | D:10     | Killed a three-headed hydra
  9140 | D:10     | Reached XP level 11. HP: 87/87 MP: 11/11
  9179 | D:10     | Received a gift from Trog
  9394 | D:10     | Killed an unseen horror
  9687 | D:10     | Identified a scroll of acquirement
  9905 | Lair:1   | Entered Level 1 of the Lair of Beasts
  9923 | Lair:1   | Received a gift from Trog
 10059 | Lair:1   | Noticed an eight-headed hydra
 10068 | Lair:1   | Killed an eight-headed hydra
 10068 | Lair:1   | Reached skill level 15 in Dodging
 10102 | Lair:1   | Noticed Prince Ribbit
 10192 | Lair:1   | Killed Prince Ribbit
 10235 | Lair:1   | Noticed Gastronok
 10248 | Lair:1   | Killed Gastronok
 10248 | Lair:1   | Reached XP level 12. HP: 94/94 MP: 12/12
 10265 | Lair:1   | Found a frozen archway.
 10407 | IceCv    | Entered an ice cave
 11476 | Lair:2   | Noticed an ice dragon
 11505 | Lair:2   | Killed an ice dragon
 11511 | Lair:2   | Reached skill level 10 in Fighting
 12288 | Lair:2   | Identified the Almanac of Flying Curses
 12509 | Lair:3   | Noticed an eight-headed hydra
 12519 | Lair:3   | Killed an eight-headed hydra
 12519 | Lair:3   | Reached XP level 13. HP: 76/109 MP: 13/13
 12647 | Lair:3   | Found a staircase to the Swamp.
 12671 | Lair:3   | Found a hole to the Spider Nest.
 13936 | Lair:5   | Reached skill level 5 in Armour
 14414 | Lair:5   | Reached ****** piety under Trog
 14971 | Lair:5   | Received a gift from Trog
 15139 | Lair:5   | Reached XP level 14. HP: 113/118 MP: 14/14
 15566 | D:11     | Received a gift from Trog
 15566 | D:11     | Reached skill level 15 in Polearms
 15574 | D:11     | Found a staircase to the Orcish Mines.
 15619 | D:11     | Found Eryrr's Distillery.
 15626 | D:11     | Bought a potion of cancellation for 96 gold pieces
 15626 | D:11     | Bought a potion of berserk rage for 60 gold pieces
 15626 | D:11     | Bought a potion of magic for 96 gold pieces
 16038 | D:11     | Reached skill level 16 in Polearms
 16259 | D:11     | Received a gift from Trog
 16773 | D:12     | Paralysed by a hornet for 2 turns
 16801 | D:12     | Noticed Tyryt0's ghost (journeyman FoFi)
 16816 | D:12     | Killed Tyryt0's ghost
 16816 | D:12     | Reached skill level 17 in Polearms
 16876 | D:12     | Received a gift from Trog
 17242 | Orc:1    | Entered Level 1 of the Orcish Mines
 17250 | Orc:1    | Reached skill level 18 in Polearms
 18202 | D:13     | Reached skill level 19 in Polearms
 18286 | D:13     | Received a gift from Trog
 18636 | D:14     | Reached XP level 15. HP: 124/124 MP: 15/15
 19307 | D:14     | Reached skill level 20 in Polearms
 19400 | D:14     | Received a gift from Trog
 19473 | D:14     | Found a gate to the Vaults.
 19636 | D:14     | Reached skill level 21 in Polearms
 20232 | Lair:6   | Entered Level 6 of the Lair of Beasts
 20374 | Lair:6   | Found a staircase to the Slime Pits.
 20538 | Lair:6   | Paralysed by a hornet for 2 turns
 20745 | Lair:6   | Received a gift from Trog
 21489 | Lair:6   | Reached XP level 16. HP: 106/131 MP: 16/16
 21719 | Lair:6   | Received a gift from Trog
 22296 | Orc:2    | Entered Level 2 of the Orcish Mines
 22363 | Orc:2    | Found a roughly hewn altar of Beogh.
 22363 | Orc:2    | Found Luosaefe's Gadget Boutique.
 22364 | Orc:2    | Noticed Nessos
 22388 | Orc:2    | Killed Nessos
 22536 | Orc:2    | Noticed Azrael
 22544 | Orc:2    | Killed Azrael
 22567 | Orc:2    | Received a gift from Trog
 22725 | Orc:2    | Found a roughly hewn altar of Beogh.
 22775 | Orc:2    | Noticed Rrauwl's ghost (journeyman MiBe)
 22802 | Orc:2    | Killed Rrauwl's ghost
 23017 | Orc:2    | Noticed Saint Roka
 23019 | Orc:2    | Paralysed by an orc sorcerer for 6 turns
 23036 | Orc:2    | Found a roughly hewn altar of Beogh.
 23059 | Orc:2    | Killed Saint Roka
 23614 | Orc:1    | Received a gift from Trog
 23745 | Orc:2    | Found a roughly hewn altar of Beogh.
 23745 | Orc:2    | Found Zozuybb's Antique Weapon Shoppe.
 23746 | Orc:2    | Found Zaguptem's Antique Armour Emporium.
 23836 | Orc:2    | Received a gift from Trog
 23862 | Orc:2    | Found a roughly hewn altar of Beogh.
 23871 | Orc:2    | Found Cutua's General Store.
 23876 | Orc:2    | Bought a scroll of acquirement for 780 gold pieces
 23877 | Orc:2    | Got a polished cloak
 23888 | Orc:2    | Identified the +0 cloak "Loup" {Str+4 Stlth+} (You acquired it on level 2 of the Orcish Mines)
 23975 | Orc:2    | Found a roughly hewn altar of Beogh.
 23991 | Orc:2    | Found a staircase to the Elven Halls.
 24155 | D:15     | Entered Level 15 of the Dungeon
 24242 | D:15     | Reached skill level 15 in Fighting
 24663 | D:15     | Found a staircase to the Depths.
 25070 | Swamp:1  | Entered Level 1 of the Swamp
 25165 | Swamp:1  | Received a gift from Trog
 25711 | Swamp:2  | Reached skill level 22 in Polearms
 25711 | Swamp:2  | Reached XP level 17. HP: 142/142 MP: 17/17
 26827 | Swamp:3  | Noticed Bai Suzhen
 26859 | Swamp:2  | Killed Bai Suzhen
 26859 | Swamp:2  | Reached skill level 23 in Polearms
 27062 | Swamp:3  | Noticed Nikola
 27065 | Swamp:3  | Received a gift from Trog
 27194 | Swamp:3  | Killed Nikola
 27431 | Swamp:3  | Reached skill level 24 in Polearms
 28366 | Swamp:1  | Received a gift from Trog
 28395 | Spider:1 | Entered Level 1 of the Spider Nest
 29253 | Spider:1 | Reached skill level 25 in Polearms
 29381 | Spider:2 | HP: 7/213 [poisoned by a redback]
 29382 | Spider:2 | HP: 3/213 [poisoned by a redback]
 29383 | Spider:2 | Succumbed to a redback's poison

Skill      XL: |  1  2  3  4  5  6  7  8  9 10 11 12 13 14 15 16 17 |
---------------+----------------------------------------------------+-----
Polearms       | 5 6 7 8 9 11 13 14 19 21 22 25 | 25.0
Fighting       | 4 5 6 7 8 12 13 15 | 15.0
Dodging        | 6 12 17 18 20 21 | 21.7
Armour         | 7 |  7.9

Action                   |  1- 3 |  4- 6 |  7- 9 | 10-12 | 13-15 | 16-18 || total
-------------------------+-------+-------+-------+-------+-------+-------++-------
Melee: Spear             |   112 |   233 |    67 |       |       |       ||   412
       Tailslap          |       |     1 |     2 |     3 |     8 |    17 ||    31
       Trident           |       |       |   404 |   344 |       |       ||   748
       Demon trident     |       |       |       |   385 |   615 |       ||  1000
       Glaive            |       |       |       |       |  1100 |  1047 ||  2147
       Bardiche          |       |       |       |       |       |   221 ||   221
Invok: Berserk           |     2 |     3 |     7 |    16 |     9 |     6 ||    43
       Trog's Hand       |       |       |     1 |     6 |     7 |    10 ||    24
       Brothers in Arms  |       |       |       |     1 |     1 |     2 ||     4
  Use: Scroll            |       |       |    22 |     8 |    14 |     7 ||    51
       Potion            |       |       |       |     1 |     2 |     3 ||     6
 Stab: Sleeping          |     2 |       |       |     1 |     6 |     2 ||    11
       Distracted        |       |       |       |       |     3 |       ||     3
  Eat: Chunk             |     3 |     8 |    19 |    26 |    43 |    34 ||   133
       Meat ration       |       |       |     1 |     1 |       |       ||     2
       Royal jelly       |       |       |       |     1 |       |     1 ||     2
Armor: Scale mail        |    34 |    68 |   110 |    22 |       |       ||   234
       Troll leather arm |       |       |       |    79 |   291 |   222 ||   592
Dodge: Dodged            |    42 |    78 |   128 |   453 |  1852 |  1413 ||  3966
Block: Other             |       |       |       |       |       |     8 ||     8
